Cogmind - Beta 10.1 @@@ ROGUE MODE // 2020.10.03 @ 01:54:13 Player: TheGreatBorealis Result: Destroyed by G-47 Trooper with Particle Gun Performance ------------- Evolutions (3) 1500 Regions Visited (5) 1000 Robots Destroyed (51) 255 Value Destroyed (1424) 1424 Prototype IDs (2) 40 Alien Tech Used (0) 0 Bonus (578) 578 TOTAL SCORE: 4797 Bonus ------- High Alert Combat Kills 353 Follower Combat Kills 225 Cogmind --------- Core Integrity 0/700 Matter 71/300 Energy 100/100 System Corruption 8% Temperature Cool (9) Movement Core (150) Ox2 Location -7/Factory Parts ------- > --- POWER (1) -------- (None) > --- PROPULSION (4) --- (None) > --- UTILITY (4) ------ Medium Storage Unit Advanced Signal Interpreter Improved Melee Analysis Suite > --- WEAPON (4) ------- (None) > --- INVENTORY (8) ---- Advanced Visual Processing Unit Assault Rifle Autogun Autogun Autogun Mini Grenade Launcher Peak State ------------ > --- POWER ------------ Improved Deuterium Engine > --- PROPULSION ------- Aluminum Leg Improved Aluminum Leg Improved Aluminum Leg Carbon-fiber Leg > --- UTILITY ---------- Medium Storage Unit Medium Matter Pod Advanced Signal Interpreter Transmission Jammer > --- WEAPON ----------- Light Assault Rifle Autogun Autogun Gauss Rifle > --- INVENTORY -------- Ion Engine Enhanced Nuclear Core Improved Aluminum Leg Improved Aluminum Leg Improved Aluminum Leg Advanced Visual Processing Unit Assault Rifle Datajack [Rating: 30] Favorites ----------- Power Improved Ion Engine Engine Improved Ion Engine Propulsion Improved Aluminum Leg Leg Improved Aluminum Leg Utility Medium Storage Unit Device Transmission Jammer Storage Medium Storage Unit Processor Advanced Signal Interpreter Protection Light Armor Plating Weapon Autogun Energy Gun Small Laser Ballistic Gun Autogun Launcher Grenade Launcher Impact Weapon Heavy Hammer Build | -11 -10 -9 -9 -9 -7 ------- Run | Scr Mat Mat Sto Rec Fac Slots Evolved 6 | . . 2 . . 4 Power . | . . . . . . Propulsion 2 | . . 2 . . . Utility 2 | . . . . . 2 Weapon 2 | . . . . . 2 Parts Attached 60 | 6 5 4 16 . 29 Power 6 | 1 . . 2 . 3 Engine 6 | 1 . . 2 . 3 Core . | . . . . . . Reactor . | . . . . . . Propulsion 20 | 2 3 2 6 . 7 Treads . | . . . . . . Leg 20 | 2 3 2 6 . 7 Wheel . | . . . . . . Hover . | . . . . . . Flight . | . . . . . . Utility 10 | 1 2 1 1 . 5 Device 1 | . . . . . 1 Storage 3 | 1 1 . 1 . . Processor 4 | . 1 . . . 3 Hackware . | . . . . . . Protection 2 | . . 1 . . 1 Artifact . | . . . . . . Weapon 24 | 2 . 1 7 . 14 Energy Gun 1 | . . . 1 . . Energy Cannon . | . . . . . . Ballistic Gun 20 | 2 . 1 5 . 12 Ballistic Cannon . | . . . . . . Launcher 1 | . . . 1 . . Special Weapon . | . . . . . . Impact Weapon 2 | . . . . . 2 Slashing Weapon . | . . . . . . Piercing Weapon . | . . . . . . Special Melee Weapon . | . . . . . . Unidentified Prototypes . | . . . . . . Parts Lost 37 | . 1 1 11 . 24 Power 5 | . . . 2 . 3 Propulsion 14 | . 1 . 4 . 9 Utility 5 | . . . 1 . 4 Weapon 13 | . . 1 4 . 8 Highest Loss Streak 13 | . 1 1 6 . 13 Average Slot Usage (%) 93 | . 98 97 87 100 90 Engine 9 | . 14 11 10 11 6 Leg 33 | . 28 44 40 44 28 Device 2 | . . . . . 4 Storage 16 | . 14 11 15 22 14 Processor 3 | . 12 5 . . 3 Protection 1 | . . 6 2 . 2 Ballistic Gun 24 | . 28 20 13 22 27 Naked Turns . | . . . . . . Heaviest Build 32 | 13 17 19 23 23 32 Greatest Support 51 | 20 20 40 49 49 51 Greatest Overweight (x) 4 | . . . 1 . 4 Average Overweight (x) . | . . . . . . Largest Inventory Capacity 8 | 6 8 8 8 8 8 Average Capacity 7 | 5 7 8 8 8 8 Most Carried 8 | 6 8 7 8 8 8 Average Carried 6 | 3 6 5 4 7 7 Final Capacity 8 | 6 8 8 8 8 8 Final Carried 8 | 6 8 5 8 8 6 Class Distribution -------------------- 26% | Scavenger-Gunner 25% | Scavenger-Mutant 21% | Mutant 13% | Commander-Mutant 11% | Scavenger-Tank Dominant Class ---------------- Mutant | -10/Materials Scavenger-Mutant | -9/Materials Scavenger-Mutant | -9/Storage Commander-Mutant | -9/Recycling Scavenger-Gunner | -7/Factory Resources | -11 -10 -9 -9 -9 -7 ----------- Run | Scr Mat Mat Sto Rec Fac Matter Collected 1547 | 256 217 . 327 85 662 Remotely . | . . . . . . Salvage Created 1940 | . 311 58 588 105 878 Parts 110 | . 23 4 33 8 42 Haulers Intercepted 3 | . 1 . 1 . 1 Recyclers Shooed 2 | . . . 1 . 1 Parts Field Recycled . | . . . . . . Retrieved Matter . | . . . . . . Parts Self-Destructed . | . . . . . . Prevented . | . . . . . . Kills | -11 -10 -9 -9 -9 -7 ------- Run | Scr Mat Mat Sto Rec Fac Combat Hostiles Destroyed 43 | . 8 1 12 3 19 Melee 1 | . . . 1 . . Guns 42 | . 8 1 11 3 19 Classes Destroyed 10 | . 4 1 2 1 2 Worker 1 | . 1 . . . . Hauler 3 | . 1 . 1 . 1 Recycler 3 | . . . 1 1 1 Mechanic 1 | . . . 1 . . Drone 3 | . . . . 3 . Swarmer 16 | . 3 . 4 . 9 Grunt 16 | . 5 . 4 . 7 Brawler 2 | . . . . . 2 Sentry 5 | . . 1 4 . . Hunter 1 | . . . . . 1 Best Kill Streak 7 | . 3 1 7 2 5 Combat Bots Only 6 | . 3 1 6 2 4 Max Kills in Single Turn 2 | . 1 1 2 2 2 Gunslinging 1 | . . . 1 . . Exploded . | . . . . . . Melee 1 | . . . 1 . . Uniques/NPCs Destroyed . | . . . . . . Combat | -11 -10 -9 -9 -9 -7 -------- Run | Scr Mat Mat Sto Rec Fac Damage Taken 4751 | . 539 138 1205 . 2869 Core 1055 | . 98 . 256 . 701 Absorbed by Shields 33 | . . . . . 33 Core Remaining (%) 65 | 100 60 . . 36 . Volleys Fired 174 | . 28 5 68 8 65 Largest 4 | . 2 2 2 2 4 Hottest 94 | . 40 40 60 46 94 Shots Fired 451 | . 56 10 119 16 250 Gun 449 | . 56 10 117 16 250 Cannon . | . . . . . . Launcher 2 | . . . 2 . . Special . | . . . . . . Kinetic 432 | . 56 10 100 16 250 Thermal 17 | . . . 17 . . Explosive 2 | . . . 2 . . Electromagnetic . | . . . . . . Robot Hit Streak 17 | . 12 12 11 2 17 Robot Miss Streak 5 | . 3 2 2 5 5 Penetration Max 1 | . . . . . 1 Secondary Targets 5 | . . . 3 . 2 Max Gunslinging Chain 1 | . . . 1 . 1 Shots Hit Robots 289 | . 41 7 86 4 151 Core Hits 115 | . 20 3 31 4 57 Critical Hits 2 | . 1 . 1 . . Critical Kills 1 | . . . 1 . . Critical Parts Destroyed 1 | . 1 . . . . Melee Attacks 7 | . . . . . 7 Impact 7 | . . . . . 7 Slashing . | . . . . . . Piercing . | . . . . . . Sneak Attacks . | . . . . . . Combat Hostiles . | . . . . . . Follow-up Attacks 1 | . . . . . 1 Damage Inflicted 3472 | . 525 85 1007 61 1794 Guns 3122 | . 525 85 843 58 1611 Cannons . | . . . . . . Explosions 153 | . . . 153 . . Melee 135 | . . . . . 135 Ramming 62 | . . . 11 3 48 Kinetic 2949 | . 525 85 670 58 1611 Thermal 173 | . . . 173 . . Explosive 153 | . . . 153 . . Electromagnetic . | . . . . . . Impact 135 | . . . . . 135 Slashing . | . . . . . . Piercing . | . . . . . . Highest Corruption 8 | . . . 1 1 8 Average Corruption 4 | . . . 1 1 7 Corruption Purged . | . . . . . . Effects 38 | . . . . 1 37 Message Errors 6 | . . . . 1 5 Matter Fused 7 | . . . . . 7 Heat Flow Errors 1 | . . . . . 1 Energy Discharges 4 | . . . . . 4 Data Loss (minor) 6 | . . . . . 6 Misfires 1 | . . . . . 1 Targeting Errors 11 | . . . . . 11 Weapon Failures 2 | . . . . . 2 Overload Shots . | . . . . . . Overflow Damage . | . . . . . . Projectiles . | . . . . . . Explosions . | . . . . . . Melee . | . . . . . . Knockbacks 2 | . . . . . 2 Impact 2 | . . . . . 2 Kinetic . | . . . . . . Secondary . | . . . . . . Self-Inflicted Damage 83 | . . . 72 . 11 Shots 2 | . . . 2 . . Rammed 14 | . . . 2 . 12 Targets Rammed 23 | . . . 4 1 18 Kicked 9 | . . . 2 1 6 Crushed . | . . . . . . Highest Temperature 291 | . 9 6 22 2 291 Average Temperature 52 | . 3 4 8 1 79 Received Heat Transfer 1683 | . 237 36 474 . 936 Siege Activations . | . . . . . . Robots Corrupted . | . . . . . . Combat Hostiles . | . . . . . . Parts Fried . | . . . . . . Impact Corruptions . | . . . . . . Robots Melted . | . . . . . . Combat Hostiles . | . . . . . . Parts Melted . | . . . . . . Heat Transferred 375 | . . . 375 . . Parts Sabotaged . | . . . . . . Parts Stolen . | . . . . . . Parts Stripped . | . . . . . . Power Chain Reactions . | . . . . . . Missiles Intercepted . | . . . . . . Alert | -11 -10 -9 -9 -9 -7 ------- Run | Scr Mat Mat Sto Rec Fac Peak Influence 1050 | . 184 60 265 206 1050 Initial 946 | . . 25 25 42 946 Average 452 | . 80 46 127 109 908 Maximum Alert Level 3 | . . . 1 1 3 Low Security (%) 53 | 100 100 100 93 93 . Level 1 2 | . . . 6 6 . Level 2 . | . . . . . . Level 3 43 | . . . . . 100 Level 4 . | . . . . . . Level 5 . | . . . . . . High Security . | . . . . . . Max Security . | . . . . . . Squads Dispatched 5 | . . . . . 5 Investigation . | . . . . . . Extermination 2 | . . . . . 2 Reinforcement 2 | . . . . . 2 Assault 1 | . . . . . 1 Garrison . | . . . . . . Intercept . | . . . . . . Construction Impeded 1 | . . . . . 1 Haulers Reinforced . | . . . . . . Stealth | -11 -10 -9 -9 -9 -7 --------- Run | Scr Mat Mat Sto Rec Fac Distress Signals 1 | . . . . . 1 Communications Jammed 17 | . . . . . 17 Distress Signals 16 | . . . . . 16 Times Spotted 93 | . 16 2 14 19 42 Peak Tracking Total 6 | . 4 2 6 3 5 Tactical Retreats 5 | . 2 . 1 . 2 Traps | -11 -10 -9 -9 -9 -7 ------- Run | Scr Mat Mat Sto Rec Fac Traps Triggered 3 | . . . 2 . 1 Indirectly . | . . . . . . Trap Hack Attempts . | . . . . . . Triggered . | . . . . . . Disarmed . | . . . . . . Reprogrammed . | . . . . . . Reused . | . . . . . . Traps Extracted . | . . . . . . Installed . | . . . . . . Triggered . | . . . . . . Machines | -11 -10 -9 -9 -9 -7 ---------- Run | Scr Mat Mat Sto Rec Fac Machines Disabled 2 | . . . 1 . 1 Max in Single Turn 1 | . . . 1 . 1 Machines Sabotaged . | . . . . . . Garrisons Compromised . | . . . . . . Overloaded Fab Kills . | . . . . . . Fab Network Shutdowns . | . . . . . . Hacking | -11 -10 -9 -9 -9 -7 --------- Run | Scr Mat Mat Sto Rec Fac Machines Accessed 16 | . 6 . 1 3 6 Terminals 12 | . 5 . 1 3 3 Fabricators 2 | . . . . . 2 Repair Stations . | . . . . . . Recycling Units 1 | . 1 . . . . Scanalyzers . | . . . . . . Garrison Access 1 | . . . . . 1 Total Hacks 39 | . 17 . 1 7 14 Successful 14 | . 8 . 1 3 2 Failed 25 | . 9 . . 4 12 Catastrophic 3 | . 1 . . 1 1 Database Lockouts . | . . . . . . Manual 13 | . 6 . 2 2 3 Terminals 29 | . 15 . 1 7 6 Fabricators 6 | . . . . . 6 Repair Stations . | . . . . . . Recycling Units 2 | . 2 . . . . Scanalyzers . | . . . . . . Garrison Access 2 | . . . . . 2 Terminal Hacks 11 | . 7 . 1 3 . Part Schematic 3 | . 1 . . 2 . Robot Analysis 1 | . 1 . . . . Prototype ID Bank 1 | . 1 . . . . Branch Access Points 3 | . 1 . 1 1 . Terminal Index 1 | . 1 . . . . Zone Layout 2 | . 2 . . . . Fabricator Hacks 2 | . . . . . 2 Load Schematic 1 | . . . . . 1 Build 1 | . . . . . 1 Repair Station Hacks . | . . . . . . Recycling Unit Hacks 1 | . 1 . . . . Retrieve Components 1 | . 1 . . . . Scanalyzer . | . . . . . . Garrison Access Hacks . | . . . . . . Unauthorized Hacks . | . . . . . . Terminals . | . . . . . . Fabricators . | . . . . . . Repair Stations . | . . . . . . Recycling Units . | . . . . . . Scanalyzers . | . . . . . . Garrison Access . | . . . . . . Data Cores Recovered . | . . . . . . Used . | . . . . . . Hacking Detections 11 | . 3 . . 2 6 Full Trace Events 1 | . 1 . . . . Feedback Events . | . . . . . . Feedback Blocked . | . . . . . . Robot Schematics Acquired . | . . . . . . Robots Built 3 | . . . . . 3 Matter 252 | . . . . . 252 Time 67 | . . . . . 67 Total Robot Build Rating 12 | . . . . . 12 Part Schematics Acquired 3 | . 1 . . 2 . Parts Built . | . . . . . . Matter . | . . . . . . Time . | . . . . . . Total Part Build Rating . | . . . . . . Parts Repaired . | . . . . . . Time . | . . . . . . Parts Recycled . | . . . . . . Recycled Matter . | . . . . . . Retrieved Matter . | . . . . . . Retrieved Components 3 | . 3 . . . . Parts Scanalyzed . | . . . . . . Part Schematics Acquired . | . . . . . . Parts Damaged . | . . . . . . Bothacking | -11 -10 -9 -9 -9 -7 ------------ Run | Scr Mat Mat Sto Rec Fac Used RIF Installer . | . . . . . . Robots Hacked . | . . . . . . Non-combat . | . . . . . . Combat . | . . . . . . Robot Hacks Applied . | . . . . . . Relay Couplers Released . | . . . . . . Robots Rewired 11 | . . . . 11 . Allies Hacked . | . . . . . . Hacks Repelled . | . . . . . . Allies | -11 -10 -9 -9 -9 -7 -------- Run | Scr Mat Mat Sto Rec Fac Total Allies 14 | . . . . 11 3 Largest Group 10 | . . . . 10 9 Highest-Rated Group 132 | . . . . 132 114 Highest-Rated Ally 30 | . . . . 24 30 Total Orders 1 | . . . . 1 . FOLLOW 1 | . . . . 1 . Ally Attacks 92 | . . . . 68 24 Total Damage 1413 | . . . . 728 685 Kills 26 | . . . . 20 6 Allies Corrupted . | . . . . . . Allies Melted . | . . . . . . Intel | -11 -10 -9 -9 -9 -7 ------- Run | Scr Mat Mat Sto Rec Fac Robot Analysis Total 1 | . 1 . . . . Derelict Logs Recovered . | . . . . . . Drone Launches . | . . . . . . Drone Recoveries . | . . . . . . Exploration | -11 -10 -9 -9 -9 -7 ------------- Run | Scr Mat Mat Sto Rec Fac Turns Passed 3262 | 76 534 115 452 654 1431 Spaces Moved 1801 | 52 317 54 170 358 850 Core 5 | 1 . . . . 4 Treads . | . . . . . . Legs 1796 | 51 317 54 170 358 846 Wheels . | . . . . . . Hover . | . . . . . . Flight . | . . . . . . Fastest Speed 50 | 50 120 120 120 120 120 Average Speed 120 | 118 120 120 120 120 120 Slowest Speed 250 | 120 120 120 150 120 250 Overloaded Moves . | . . . . . . Propulsion Burnouts . | . . . . . . Robots Hopped . | . . . . . . Cave-ins Triggered . | . . . . . . Exploration Rate (%) 35 | 4 67 7 24 87 25 Regions Visited 5 Branch Regions 2 Pre-discovered Areas . | . . . . . . Known Exits Taken 1 | . . . 1 . . Unknown Exits Taken 4 | 1 1 1 . 1 . Scrap Searched . | . . . . . . Spaces Dug . | . . . . . . Terrain Destroyed 12 | . . . 11 . 1 Melee . | . . . . . . Projectile 1 | . . . . . 1 AOE 11 | . . . 11 . . Terrain Rammed . | . . . . . . Walls Destroyed . | . . . . . . Machines Disabled . | . . . . . . Actions | -11 -10 -9 -9 -9 -7 --------- Run | Scr Mat Mat Sto Rec Fac Total 2563 | 63 416 95 314 568 1107 Wait 347 | . 55 32 46 87 127 Move 1796 | 51 316 53 169 357 850 Hop . | . . . . . . Pick Up 23 | 6 6 . 5 1 5 Fast Attach 23 | 6 1 1 8 . 7 Attach 20 | . 1 3 5 . 11 Detach 3 | . . 1 2 . . Swap 17 | . 3 . 3 . 11 Drop 16 | . 6 . 2 1 7 Fire 174 | . 28 5 68 8 65 Melee 6 | . . . . . 6 Ram 6 | . . . . . 6 Kick 17 | . . . 4 1 12 Crush . | . . . . . . Escape Stasis 2 | . . . 2 . . Rewire 113 | . . . . 113 . Trap . | . . . . . . Miscellaneous . | . . . . . . Route ------- -11/Scrapyard -10/Materials (discovered 3 exits: [*Mat] / *Min x2) -9/Materials -9/Storage -9/Recycling -7/Factory History --------- Turn | Location | Event 5 | -11/Scrapyard | Discovered new exit (range 16) 77 | -11/Scrapyard | Entered Materials 301 | -10/Materials | Discovered new exit (range 16) 314 | -10/Materials | Build established: Mutant 586 | -10/Materials | Discovered new exit (range 8) 604 | -10/Materials | Identified exit to Mines 611 | -10/Materials | Entered another Materials area 611 | -9/Materials | Evolved 2 slots: Propulsion x2 722 | -9/Materials | Discovered new exit (range 3) 726 | -9/Materials | Entered Storage 822 | -9/Storage | Lost 5 parts (1p3n1w) 882 | -9/Storage | Lost 6 parts (1p1n1u3w) 911 | -9/Storage | Build established: Scavenger-Mutant 1078 | -9/Storage | Core integrity fell below 50% 1123 | -9/Storage | Identified exit to Recycling 1175 | -9/Storage | Used back door to open Recycling access 1178 | -9/Storage | Entered Recycling 1224 | -9/Recycling | Spotter reported a threat 1252 | -9/Recycling | Spotter reported a threat 1254 | -9/Recycling | Spotter reported a threat 1270 | -9/Recycling | Spotter reported a threat 1280 | -9/Recycling | Spotter reported a threat 1281 | -9/Recycling | Spotter reported a threat 1323 | -9/Recycling | Spotter reported a threat 1333 | -9/Recycling | Spotter reported a threat 1338 | -9/Recycling | Spotter reported a threat 1347 | -9/Recycling | Spotter reported a threat 1410 | -9/Recycling | Spotter reported a threat 1414 | -9/Recycling | Spotter reported a threat 1416 | -9/Recycling | Spotter reported a threat 1428 | -9/Recycling | Spotter reported a threat 1451 | -9/Recycling | Spotter reported a threat 1467 | -9/Recycling | Spotter reported a threat 1469 | -9/Recycling | Spotter reported a threat 1512 | -9/Recycling | Spotter reported a threat 1513 | -9/Recycling | Spotter reported a threat 1551 | -9/Recycling | Spotter reported a threat 1556 | -9/Recycling | Spotter reported a threat 1565 | -9/Recycling | Spotter reported a threat 1604 | -9/Recycling | Spotter reported a threat 1610 | -9/Recycling | Spotter reported a threat 1618 | -9/Recycling | Spotter reported a threat 1661 | -9/Recycling | Spotter reported a threat 1661 | -9/Recycling | Spotter reported a threat 1661 | -9/Recycling | Spotter reported a threat 1679 | -9/Recycling | Discovered new exit (range 16) 1684 | -9/Recycling | Spotter reported a threat 1684 | -9/Recycling | Spotter reported a threat 1684 | -9/Recycling | Spotter reported a threat 1714 | -9/Recycling | Spotter reported a threat 1737 | -9/Recycling | Spotter reported a threat 1737 | -9/Recycling | Spotter reported a threat 1737 | -9/Recycling | Spotter reported a threat 1754 | -9/Recycling | Build established: Commander-Mutant 1767 | -9/Recycling | Spotter reported a threat 1786 | -9/Recycling | Spotter reported a threat 1786 | -9/Recycling | Spotter reported a threat 1790 | -9/Recycling | Spotter reported a threat 1820 | -9/Recycling | Spotter reported a threat 1832 | -9/Recycling | Entered Factory 1832 | -7/Factory | Accompanied by 9 allies 1832 | -7/Factory | Evolved 4 slots: Utility x2, Weapon x2 2232 | -7/Factory | First assault squad dispatched 2239 | -7/Factory | Build established: Scavenger-Tank 2325 | -7/Factory | Fabricated L-41 Fighter? 2366 | -7/Factory | Lost 3 parts (1p1u1w) 2615 | -7/Factory | Build established: Scavenger-Gunner 3047 | -7/Factory | Lost 3 parts (3n) 3238 | -7/Factory | Core integrity fell below 50% 3248 | -7/Factory | Core integrity fell below 20% 3263 | -7/Factory | Destroyed by G-47 Trooper with Particle Gun Last Messages --------------- 03251_ Hvy. Hammer destroyed. 03251_ U-05 Engineer lays Concrete. 03253_ Fusion Modulator explodes. 03253_ A-02 Transporter destroyed. 03253_ Slammed into G-47 Trooper. 03253_ Adv. Signal Interpreter permanently disabled. 03253_ Destabilizing: Short circuit. 03253_ U-05 Engineer lays Concrete. 03255_ Slammed into G-47 Trooper. 03255_ U-05 Engineer lays Concrete. 03257_ System corrupted: Matter fused (-8). 03257_ Slammed into G-47 Trooper. 03257_ U-05 Engineer lays Concrete. 03258_ P-60 Hacker resets G-47 Trooper, system corruption cleaned. 03259_ Slammed into G-47 Trooper. 03259_ U-05 Engineer lays Concrete. 03261_ Hvy. Hammer destroyed. 03261_ Slammed into G-47 Trooper. 03261_ U-05 Engineer lays Concrete. 03262_ Slammed into G-47 Trooper. Map ----- +----------------------------------------------------+ | ?????????????????????????????????????????????????? | | ?????????????????????????????????????????????????? | | ?????????????????????????????????????????????????? | | ?????????????????????????????????????????????????? | | ?????????????????????????????????????????????????? | | ?????????????????????????????????????????????????? | | ???????????????????????#+###?????????????????????? | | ????????????????????? ?????????????????????? | | ?????????????????? ?????????????????????? | | ????????????????? ????????????????????? | | ????????????????? ?????????????????????? | | ?????????????????? ?????????????????????? | | ??????????????????# #?????????????????????? | | ??????????????????? #?????????????????????? | | ???????????????????? #?????????????????????? | | ????????????????????? #?????????????????????? | | ?????????????######+## #?????????????????????? | | ?????????????# # #?????????????????????? | | ?????????????# # #?????????????????????? | | ?????????????# # #?????????????????????? | | ?????????????# # ###################+### | | ?????????????# # | | ?????????????# " " " # | | ?????????????# " " " + | | ?????????????# " " " # ! | | ?????????????# " " " # @ %p ! !! | | ?????????????# " " " # g ! #####? | | ?+###### ???# " " " # *[ /! #????? | | # ?# " " " # *%* #????? | | # ?? " " " # [* #????? | | ?? " " " # #????? | | # ?? # #????? | | # ????? # u #????? | | # ???? ? # u ;;;;"#+##+#????? | | # ???????#### ????????? | | ??? ; """????????? | | # "??????????? | | """ """ """ """ """ """ """ # "??????????? | | """ """ """?""" """ """ """ #? ????????????? | | """ """ """ """ """ """ """ #????????????????? | | # #????????????????? | | # """ ?"" """ """ """ #????????????????? | | # """ """ """ """ """ #????????????????? | | # ""T"" """ """ """ """ """ #????????????????? | | # """"" #????????????????? | | # #????????????????? | | # #????????????????? | | # ######### #????????????????? | | # #???????# ##########???????? | | # #???????# ^""" ######### | +----------------------------------------------------+ Best States ------------- Heat Dissipation 34 Energy Generation 16 Energy Capacity 290 Matter Stores 400 Matter Capacity 400 Sight Range 16 Terrain Scan Density 10 Jamming Range 8 Armor Coverage 150 Evasion (%) 40 Melee Accuracy 12 Item Schematics ----------------- Aluminum Leg | -10/Materials | Hacked Mni. Grenade Launcher | -9/Recycling | Hacked Particle Cannon | -9/Recycling | Hacked Robot Schematics ------------------ None Fabricated ------------ L-41 Fighter | x3 | -7/Factory | Preloaded Alien Tech Used ----------------- None Achievements -------------- Total Silence Challenges ------------ None Game ------ Seed CouplerWeaponTearclaws Manual? 0 Play Time 00:33:26 Cumulative 46.2 hours Start 2020.10.03 @ 01:21:59 End 2020.10.03 @ 01:54:13 Sessions 1 Manual Loads 0 Difficulty Rogue Special Mode None Game No. 94 Rogue 94 Adventurer 0 Explorer 0 Win Type - Total 0 Types 0/0/0/0/0/0/0/0/0 Lore% 29 Gallery% 41 Achievement% 31 Wizard Run 0 Options --------- ASCII 0 Keyboard 1 Movement Numpad Keybinds 0 Fullscreen 2 Font 18/Terminus Map View 76x50 Tactical HUD 1 Map Filters NONE Filters NONE Steam 1 RUN: bcabdecf-1ba7-4e29-94ce-c99ccdc4582f